 Dungeon Crawl Stone Soup version 0.31-a0-437-g7cee417757 (webtiles) character file.

Game seed: 9201914005254741509

1155 Ethylacetat the Insei (level 8, -2/43 HPs)
             Began as a Vine Stalker Monk on Aug 2, 2023.
             Slain by Dowan
             ... wielding a +0 dagger
              (5 damage)
             ... on level 5 of the Dungeon.
             The game lasted 00:09:34 (2535 turns).

Ethylacetat the Insei (Vine Stalker Monk)           Turns: 2535, Time: 00:09:34

Health: -2/43      AC:  9    Str: 14    XL:     8   Next: 39%
Magic:  0/15       EV: 13    Int: 10    God:
Gold:   191        SH:  0    Dex: 19    Spells: 15/15 levels left

rFire   + . .        s - +2 rapier (venom)
rCold   + . .        c - orb {light}
rNeg    . . .        p - +0 steam dragon scales
rPois   +            y - +2 helmet
rElec   +            w - +0 cloak
rCorr   +            (no gloves)
SInv    +            (no boots)
Will    +....        (no amulet)
Stlth   +            i - ring of see invisible
HPRegen 1.07/turn    (no ring)
MPRegen 0.14/turn

%: guardian spirit
@: resistant, glowing
A: fangs 3, regeneration 1, magic shield, antimagic bite, no potion heal 2
a: no special abilities


You were on level 5 of the Dungeon.
You visited 1 branch of the dungeon, and saw 5 of its levels.

You collected 191 gold pieces.

Inventory:

Hand Weapons
 a - a +1 flail of protection
 s - a +2 rapier of venom (weapon)
Missiles
 o - 2 curare-tipped darts (quivered)
Armour
 c - an orb of light (worn)
 p - +0 steam dragon scales (worn)
 q - a +2 ring mail of willpower
 t - a +1 leather armour of fire resistance
 w - a +0 cloak (worn)
 x - a +2 ring mail of cold resistance
 y - a +2 helmet (worn)
Jewellery
 i - a ring of see invisible (left hand)
Wands
 j - a wand of polymorph (9)
 k - a wand of paralysis (6)
 n - a wand of acid (1)
Scrolls
 b - a scroll of fog {unknown}
 d - 3 scrolls of identify {unknown}
 e - 2 scrolls of enchant weapon {unknown}
 m - a scroll of torment {unknown}
 r - 2 scrolls of amnesia {unknown}
 u - a scroll of revelation {unknown}
 v - a scroll of teleportation {unknown}
Potions
 f - a potion of resistance
 g - a potion of enlightenment {unknown}
 h - a potion of brilliance {unknown}
 l - a potion of curing {unknown}


   Skills:
 + Level 5.2 Fighting
 - Level 3.1 Dodging
 * Level 7.3 Unarmed Combat
 + Level 4.1 Spellcasting


You had 15 spell levels left.
You didn't know any spells.
Your spell library contained the following spells:

 Spells                   Type           Power      Damage    Failure   Level
 Freeze                   Ice            8%         1d3       26%         1
 Poisonous Vapours        Pois/Air       4%         N/A       36%         2
 Frozen Ramparts          Ice            4%         1d1       58%         3
 Hailstorm                Conj/Ice       2%         3d3       58%         3
 Mephitic Cloud           Conj/Pois/Air  2%         N/A       58%         3
 Freezing Cloud           Conj/Ice/Air   1%         6-21      100%        5


Dungeon Overview and Level Annotations

Branches:
Dungeon (6/15)
 Temple: D:4-7

Altars:
Fedhas
Qazlal

Shops:
D:1 [

Annotations:
D:5 Dowan


Innate Abilities, Weirdness & Mutations

You have razor-sharp teeth.
Your natural rate of healing is unusually fast.
When hurt, damage is shared between your health and your magic reserves.
Your bite disrupts and absorbs the magic of your enemies.
Potions cannot restore your health.


Message History

* * * LOW HITPOINT WARNING * * *
Okay, then.
You barely miss Duvessa.
Duvessa is almost dead.
The iguana barely misses you. Dowan barely misses you.
The iguana closely misses you. Duvessa hits you with a +0 short sword.
* * * LOW HITPOINT WARNING * * *
You completely miss Duvessa. Your bite misses Duvessa.
Duvessa is almost dead.
The iguana barely misses you. Dowan hits you but does no damage.
The iguana bites you but does no damage.
Duvessa closely misses you.
You hit Duvessa.
You kill Duvessa!
Dowan seems overcome with grief.
Dowan seems to find hidden reserves of power!
Dowan hits you but does no damage. The iguana misses you. The iguana bites you.
* * * LOW HITPOINT WARNING * * *
Dowan points at you and mumbles some strange words.
The shard of ice hits you. You partially resist.
* * * LOW HITPOINT WARNING * * *
The iguana barely misses you. The iguana bites you.
* * * LOW HITPOINT WARNING * * *
Your Spellcasting skill increases to level 4!
You hit Dowan. You bite Dowan!
Dowan's magic leaks into the air.
You drain his magic.
You feel invigorated.
Dowan is severely wounded.
Dowan's magic is no longer disrupted.
Dowan closely misses you. Dowan hits you with a +0 dagger.
* * * LOW HITPOINT WARNING * * *
The iguana closely misses you. The iguana bites you.
* * * LOW HITPOINT WARNING * * *
Dowan misses you. Dowan barely misses you. Dowan hits you but does no damage.
The iguana attacks as you move away! The iguana bites you!
* * * LOW HITPOINT WARNING * * *
Dowan attacks as you move away! Dowan closely misses you.
There is a stone staircase leading up here.
Dowan hits you with a +0 dagger.
You die...

##### ##...# #....#
#....# #....#
#################...#
#..#.....##.....#..#...#
.....()...l............#
.........le@...........#
...............[.......#
..#####+####....##.....#
. #....##.....#
#....##.....#
#....##.....#
#...........#
#...........#
+.^.........#


You could see Dowan (fast) and 2 iguanas.

Vanquished Creatures
  Maggie (D:6)
  Eustachio (D:6)
  Edmund (D:6)
  Duvessa (D:5)
  An ice beast (D:6)
  An ogre (D:5)
  A bullfrog (D:6)
  A scorpion (D:6)
  A howler monkey (D:6)
  A jelly (D:6)
  Crazy Yiuf (D:6)
  A hound (D:6)
  Ijyb (D:3)
  4 adders
  2 worms
  3 dart slugs
  4 orcs
  2 bats (D:1)
  3 giant cockroaches
  5 goblins
  2 hobgoblins (D:1)
  A quokka (D:1)
  6 ball pythons
  3 frilled lizards
  4 kobolds
  5 rats
57 creatures vanquished.

Notes
Turn   | Place    | Note
-------+----------+-------------------------------------------
     0 | D:1      | Ethylacetat the Vine Stalker Monk began the quest for the
                  | Orb.
     0 | D:1      | Reached XP level 1. HP: 11/11 MP: 2/2
     9 | D:1      | Found Neup's Armour Shoppe.
   112 | D:1      | Reached XP level 2. HP: 16/16 MP: 3/3
   592 | D:2      | Reached XP level 3. HP: 18/20 MP: 4/4
   715 | D:2      | Identified the +8 long sword "Eniur Mioro" {heavy, rPois
                  | Dex+2}
  1040 | D:3      | Found a transporter.
  1067 | D:3      | Found a transporter.
  1190 | D:3      | Noticed Ijyb
  1194 | D:3      | Paralysed by Ijyb for 5 turns
  1208 | D:3      | Paralysed by Ijyb for 4 turns
  1214 | D:3      | Killed Ijyb
  1215 | D:3      | Gained mutation: Your natural rate of healing is unusually
                  | fast. [Vine Stalker growth]
  1215 | D:3      | Reached XP level 4. HP: 11/24 MP: 2/5
  1299 | D:3      | Found a stormy altar of Qazlal.
  1350 | D:3      | You fall into a shaft and drop 3 floors!
  1376 | D:6      | Found a runed translucent door.
  1377 | D:6      | Noticed Crazy Yiuf
  1389 | D:6      | Noticed Maggie
  1399 | D:6      | Killed Maggie
  1400 | D:6      | Reached skill level 5 in Unarmed Combat
  1400 | D:6      | Reached XP level 5. HP: 29/29 MP: 5/9
  1400 | D:6      | Reached XP level 6. HP: 33/33 MP: 5/10
  1440 | D:6      | Noticed Eustachio
  1449 | D:6      | Reached XP level 7. HP: 37/37 MP: 11/11
  1449 | D:6      | Noticed Edmund
  1473 | D:6      | Killed Eustachio
  1492 | D:6      | Killed Edmund
  1493 | D:6      | Reached skill level 6 in Unarmed Combat
  1754 | D:6      | Found a blossoming altar of Fedhas.
  2091 | D:6      | Gained mutation: You have razor-sharp teeth. [Vine Stalker
                  | growth]
  2091 | D:6      | Reached XP level 8. HP: 41/42 MP: 12/14
  2374 | D:6      | Killed Crazy Yiuf
  2424 | D:5      | Entered Level 5 of the Dungeon
  2428 | D:5      | Reached skill level 5 in Fighting
  2450 | D:5      | Reached skill level 7 in Unarmed Combat
  2514 | D:5      | Noticed Duvessa
  2515 | D:5      | Noticed Dowan
  2529 | D:5      | Killed Duvessa
  2534 | D:5      | HP: 1/43 [iguana (5)]
  2535 | D:5      | Slain by Dowan

Illustrated notes

Levels and vault maps discovered:
D:1:      spicycebolla_green_bress_n_ham_2, layout_rooms, serial_shops, shop
D:2:      layout_basic
D:3:      gammafunk_wand_slinger, layout_rooms, grunt_qazlal_sundering,
          ebering_ghost_sewer_d, uniq_robin, uniq_ijyb
D:5:      layout_gridville, uniq_duvessa
D:6:      layout_cave_pods, old_standard_altar, uniq_edmund, uniq_eustachio,
          uniq_crazy_yiuf_cottage, uniq_maggie

Skill      XL: |  1  2  3  4  5  6  7  8 |
---------------+-------------------------+-----
Fighting       | 3 4 5 |  5.2
Dodging        | 3 |  3.1
Unarmed Combat | 5 6 7 |  7.3
Spellcasting   | 2 3 4 |  4.1

Action                     |  1- 3 |  4- 6 |  7- 9 || total
---------------------------+-------+-------+-------++-------
  Melee: Unarmed           |    96 |    19 |    18 ||   133
         Bite              |    31 |    11 |    28 ||    70
         Rapier            |       |       |    44 ||    44
  Throw: Dart              |       |     7 |     4 ||    11
  Evoke: Wand              |       |     1 |     4 ||     5
    Use: Potion            |       |       |     1 ||     1
 Armour: Robe              |    10 |     3 |       ||    13
         Steam dragon scal |       |     2 |    51 ||    53
  Dodge: Dodged            |    62 |    13 |    95 ||   170

Table legend: (Time is in decaauts)
 A = Elapsed time spent in this place.
 B = Non-inter-level travel time spent in this place.
 C = Inter-level travel time spent in this place.
 D = Time resting spent in this place.
 E = Time spent auto-exploring this place.
 F = Levels seen in this place.
 G = Mean time per level.
                   A        B        C        D        E       F      G
               +--------+--------+--------+--------+--------+-----+--------+
         Total |   2536 |   2460 |     76 |      8 |   1897 |   5 |  507.2 |
       Dungeon |   2536 |   2460 |     76 |      8 |   1897 |   5 |  507.2 |
               +--------+--------+--------+--------+--------+-----+--------+

Top non-repeatable levels by time:
     D:6: 1090 daAuts
     D:2: 554 daAuts
     D:1: 481 daAuts
     D:3: 309 daAuts
     D:5: 100 daAuts
